 Dungeon Crawl Stone Soup version 0.21-a0-237-g87df72b (webtiles) character file.

318 sveltemanboy the Chopper (level 6, -3/47 HPs)
             Began as a Demonspawn Monk on Sept 2, 2017.
             Slain by an orc priest
             ... wielding a +0 flail
              (6 damage)
             ... on level 3 of the Dungeon.
             The game lasted 00:06:07 (2713 turns).

sveltemanboy the Chopper (Demonspawn Monk)          Turns: 2713, Time: 00:06:08

Health: -3/47      AC:  7    Str: 13    XL:     6   Next: 21%
Magic:  0/6        EV: 11    Int: 12    God:
Gold:   128        SH:  0    Dex: 15    Spells: 5/5 levels left

rFire    . . .     SeeInvis .   a - +0 hand axe
rCold    . . .     Gourm    .   (no shield)
rNeg     . . .     Faith    .   g - +0 ring mail
rPois    .         Spirit   +   (helmet restricted)
rElec    .         Reflect  .   (no cloak)
rCorr    .         Harm     .   (no gloves)
MR       .....                  (no boots)
Stlth    +.........             (no amulet)
HPRegen  0.15/turn              (no ring)
MPRegen  0.10/turn              (no ring)

@: no status effects
A: horns 2, yellow scales 1, demonic guardian 1, magic shield
a: no special abilities


You were on level 3 of the Dungeon.
You were not hungry.

You visited 1 branch of the dungeon, and saw 3 of its levels.

You collected 128 gold pieces.

Inventory:

Hand Weapons
 a - a +0 hand axe (weapon)
Armour
 g - a +0 ring mail (worn)
Scrolls
 b - a scroll of identify {unknown}
 d - a scroll of magic mapping {unknown}
 i - 2 scrolls of remove curse {unknown}
 k - 3 scrolls of noise {unknown}
 l - a scroll of enchant armour {unknown}
Potions
 e - a potion of heal wounds {unknown}
Comestibles
 c - 3 bread rations
 f - a chunk of flesh


   Skills:
 - Level 3.0 Fighting
 * Level 6.2 Axes
 - Level 1.0 Armour
 - Level 2.6 Dodging
 - Level 1.7 Stealth


You had 5 spell levels left.
You didn't know any spells.

Dungeon Overview and Level Annotations

Branches:
Dungeon (3/15)

Altars:


Innate Abilities, Weirdness & Mutations

You have a pair of horns on your head.
You are partially covered in yellow scales. (AC +2)
A weak demonic guardian rushes to your aid.
When hurt, damage is shared between your health and your magic reserves.


Message History

You hit the worm.
The orc priest miscasts a cantrip.
The orc hits you but does no damage. The worm barely misses you.
You hit the orc.
You kill the orc!
You hit the worm.
The orc priest invokes the aid of Beogh against you.
Beogh smites you!
* * * LOW HITPOINT WARNING * * *
You swap places.
The worm bites you.
* * * LOW HITPOINT WARNING * * *
Your iron imp hits the worm.
The worm dies!
The orc priest completely misses you.
Items here: ))) [ † a club; a falchion; a hand axe; a leather armour; an orc corpse You hit the orc priest.
You headbutt the orc priest.
The orc priest is heavily wounded.
The orc priest hits you with a flail!
You die...

...........#.# #.#
...........#.###.######
.###.......#..#.......#
###.......#.##..####.#
...........#.....# #.####
#####......#####.####....#
#...............####.#
#.....###.......####.#
##.....###..o@........#
..............5...######
####.######.......# #.#
####.......# #.#
#..........# #.#
#..........# #(#
#.(........#
##.###..........#
#..†.........####


You could see an orc priest and a friendly iron imp.

Vanquished Creatures
  Grinder (D:3)
  Natasha (D:3)
  6 adders
  An ooze (D:1)
  3 worms
  A dart slug (D:3)
  A leopard gecko (D:1)
  3 orcs (D:3)
  A giant cockroach (D:1)
  9 goblins
  5 hobgoblins
  4 jackals (D:2)
  10 bats
  A frilled lizard (D:2)
  5 kobolds
  5 rats
57 creatures vanquished.

Vanquished Creatures (collateral kills)
  A worm (D:3)
  An orc (D:3)
  A goblin (D:3)
3 creatures vanquished.

Grand Total: 60 creatures vanquished

Notes
Turn   | Place    | Note
-------+----------+-------------------------------------------
     0 | D:1      | sveltemanboy the Demonspawn Monk began the quest for the Orb.
     0 | D:1      | Reached XP level 1. HP: 18/18 MP: 1/1
    55 | D:1      | Reached skill level 3 in Axes
   483 | D:1      | Gained mutation: You are partially covered in yellow scales. (AC +2) [demonic ancestry]
   483 | D:1      | Reached XP level 2. HP: 11/24 MP: 2/2
  1021 | D:1      | Gained mutation: You have a pair of small horns on your head. [demonic ancestry]
  1021 | D:1      | Reached XP level 3. HP: 29/29 MP: 3/3
  1518 | D:2      | Reached skill level 4 in Axes
  1518 | D:2      | Reached skill level 1 in Armour
  1622 | D:2      | Gained mutation: A weak demonic guardian rushes to your aid. [demonic ancestry]
  1622 | D:2      | Reached XP level 4. HP: 31/35 MP: 4/4
  2131 | D:3      | Noticed Grinder
  2141 | D:3      | Paralysed by Grinder for 6 turns
  2158 | D:3      | Paralysed by Grinder for 5 turns
  2183 | D:3      | Killed Grinder
  2183 | D:3      | Reached skill level 6 in Axes
  2183 | D:3      | Gained mutation: You have a pair of horns on your head. [demonic ancestry]
  2183 | D:3      | Reached XP level 5. HP: 5/41 MP: 5/5
  2183 | D:3      | Gained mutation: When hurt, damage is shared between your health and your magic reserves. [demonic ancestry]
  2183 | D:3      | Reached XP level 6. HP: 6/47 MP: 6/6
  2526 | D:3      | Noticed Natasha
  2537 | D:3      | Killed Natasha
  2713 | D:3      | Slain by an orc priest

Vault maps used:
D:1:      dpeg_chamrin_arrival_tetris
D:2:      kennysheep_generic_room_12
D:3:      grunt_temple_overflow_growth_and_decay,
          nicolae_overflow_hidden_temple, first_bread, hex_intersection,
          uniq_natasha, uniq_grinder

Skill      XL: |  1  2  3  4 |
---------------+-------------+-----
Axes           | 3 4 6 |  6.2
Armour         | 1 |  1.0
Fighting       | |  3.0
Dodging        | |  2.6
Stealth        | |  1.7

Action                   |  1- 3 |  4- 6 || total
-------------------------+-------+-------++-------
Melee: Hand axe          |   149 |    82 ||   231
       Headbutt          |    12 |    14 ||    26
  Use: Potion            |       |     7 ||     7
 Stab: Sleeping          |     2 |     1 ||     3
       Distracted        |     1 |     1 ||     2
  Eat: Chunk             |     2 |     4 ||     6
Armor: Robe              |    26 |       ||    26
       Ring mail         |    19 |    30 ||    49
Dodge: Dodged            |    93 |    47 ||   140

Table legend:
 A = Spawn XP
 B = Non-spawn XP
 C = Spawn XP percentage of total XP
 D = Spawn monster count
 E = Non-spawn monster count
 F = Spawn count percentage of total count
 G = Total turns spent on level
                    A         B        C        D         E        F      G
               +---------+---------+-------+---------+---------+-------+---------
         Total |      29 |     426 |   6.4 |      12 |      48 |  20.0 |  2713
               +---------+---------+-------+---------+---------+-------+---------
           D:1 |      14 |      29 |  32.6 |       6 |      16 |  27.3 |  1199
           D:2 |       3 |      86 |   3.4 |       2 |      20 |   9.1 |   884
           D:3 |      12 |     311 |   3.7 |       4 |      12 |  25.0 |   630
               +---------+---------+-------+---------+---------+-------+---------
